 Dungeon Crawl Stone Soup version 0.18-a0-1443-ge8f1551 (webtiles) character file.

128 namelastname112 the Ruffian (level 4, -4/35 HPs)
             Began as a Draconian Transmuter on Feb 29, 2016.
             Slain by an orc
             ... wielding a +0 flail
              (7 damage)
             ... on level 3 of the Dungeon.
             The game lasted 00:05:05 (2633 turns).

namelastname112 the Ruffian (Draconian Transmuter)  Turns: 2633, Time: 00:05:05

Health: -4/35      AC:  6    Str: 13    XL:     4   Next: 86%
Magic:  7/7        EV: 12    Int: 13    God:
Gold:   65         SH:  0    Dex: 12    Spells: 2 memorised, 4 levels left

rFire  + . .     SeeInvis .       - Unarmed
rCold  + . .     Gourm    .     (armour unavailable)
rNeg   . . .     Faith    .     (no shield)
rPois  +         Spirit   .     (helmet restricted)
rElec  +         Dismiss  .     o - +0 cloak
rCorr  +         Reflect  .     (no gloves)
SustAt .         Harm     .     (no boots)
MR     .....                    (no amulet)
Stlth  +.........               (no ring)
                                (no ring)

@: resistant, slowed, very slow, not resistant to hostile enchantments, very
unstealthy
A: unfitting armour, cold-blooded, AC +5
a: no special abilities


You were on level 3 of the Dungeon.
You were very hungry.

You visited 1 branch of the dungeon, and saw 4 of its levels.

You collected 65 gold pieces.

Inventory:

Hand Weapons
 s - a +0 blowgun
Missiles
 a - 7 arrows
 h - 15 poisoned needles
Armour
 o - a +0 cloak (worn)
Scrolls
 d - a scroll of enchant weapon {unknown}
 e - 3 scrolls of remove curse {unknown}
 f - 2 scrolls of identify {unknown}
 g - 5 scrolls of magic mapping {unknown}
 i - a scroll of teleportation {unknown}
 j - 3 scrolls of enchant armour {unknown}
 r - a scroll of amnesia {unknown}
 u - a scroll of blinking {unknown}
Potions
 k - a potion of might {unknown}
 p - a potion of mutation {unknown}
 t - a potion of invisibility {unknown}
Books
 b - a book of Changes

   Spells                             Type                      Level
   a - Beastly Appendage              Transmutation                1
   b - Sticks to Snakes               Transmutation                2
   c - Spider Form                    Transmutation/Poison         3
   d - Ice Form                       Ice/Transmutation            4
   e - Blade Hands                    Transmutation                5
Comestibles
 c - a bread ration
 n - a beef jerky


   Skills:
 - Level 1.1 Fighting
 - Level 1.7 Dodging
 + Level 5.6 Unarmed Combat
 - Level 2.0 Spellcasting
 - Level 2.0 Transmutations


You had 4 spell levels left.
You knew the following spells:

 Your Spells              Type           Power        Failure   Level  Hunger
a - Beastly Appendage     Trmt           #.....       12%         1    ##.....
x - Sticks to Snakes      Trmt           #.......     17%         2    ###....


Dungeon Overview and Level Annotations

Branches:
Dungeon (4/15)
 Temple: D:4-7

Altars:


Innate Abilities, Weirdness & Mutations

Your plain brown scales are hard (AC +5).
Your body does not fit into most forms of armour.
You are cold-blooded and may be slowed by cold attacks.


Message History

The orc wizard casts a spell at you. The magic dart hits you!
* * * LOW HITPOINT WARNING * * *
The orc wizard hits you but does no damage.
Casting: Sticks to Snakes
Confirm with . or Enter, or press ? or * to list all spells.
Okay, then.
Drink which item? (? for menu, Esc to quit)
It was a potion of resistance.
You feel protected. The orc wizard hits you with a dagger.
* * * LOW HITPOINT WARNING * * *
The orc closely misses you. The orc wizard hits you with a dagger.
* * * LOW HITPOINT WARNING * * *
Drink which item? (? for menu, Esc to quit)
It was a potion of magic.
Magic courses through your body. The orc wizard barely misses you.
The orc wizard hits you but does no damage.
The orc hits you with a flail!
You die...

#o# #.........(........
#§# #.###.#............
#.####..................
#ooo....####.#.##..##.##
######.).......##.(##.##
#)#####...†........ #>#
######.))#### #o########
#....... #o@o......
........
###################


You could see an orc wizard and 2 orcs.

Vanquished Creatures
  An adder (D:2)
  4 worms
  A dart slug (D:2)
  3 giant geckos
  5 orcs (D:3)
  4 giant cockroaches
  7 goblins
  14 hobgoblins
  6 jackals (D:3)
  12 kobolds
  4 bats
  3 giant newts
  7 rats
71 creatures vanquished.

Vanquished Creatures (collateral kills)
  A worker ant (D:3)
1 creature vanquished.

Grand Total: 72 creatures vanquished

Notes
Turn   | Place    | Note
--------------------------------------------------------------
     0 | D:1      | namelastname112 the Draconian Transmuter began the quest for the Orb.
     0 | D:1      | Reached XP level 1. HP: 16/16 MP: 3/3
   146 | D:1      | Reached XP level 2. HP: 18/23 MP: 5/5
   632 | D:1      | Reached skill level 4 in Unarmed Combat
   729 | D:1      | Reached XP level 3. HP: 7/28 MP: 6/6
  1003 | D:2      | Learned a level 2 spell: Sticks to Snakes
  1471 | D:2      | Karasique: алсо рога копыта ты тоже не учишь? они ведь иногда неплохо пробивают на д1 по 0 ас
  1494 | D:2      | Karasique: или тебе лень лишние кнопки жать
  1494 | D:2      | namelastname112: лень
  1494 | D:2      | namelastname112: и так заебок
  1494 | D:2      | namelastname112: вообще обычно монахами стартую
  1494 | D:2      | namelastname112: но у меня их штук 10 винов
  1494 | D:2      | namelastname112: так что надо разбавить
  1693 | D:3      | Karasique: >начинать за тм >не учить нихуя из стартовой книжки
  1710 | D:3      | Reached XP level 4. HP: 23/35 MP: 7/7
  1818 | D:3      | namelastname112: ну почему
  1818 | D:3      | namelastname112: бхэндс выучу потом
  1818 | D:3      | namelastname112: змей вот выучил
  1850 | D:3      | Reached skill level 5 in Unarmed Combat
  1887 | D:3      | namelastname112: шлюшиный кобольда
  1887 | D:3      | namelastname112: кобольд*
  1887 | D:3      | namelastname112: с трубкой
  2633 | D:3      | Slain by an orc

Vault maps used:
D:1:      minmay_arrival_radiant_lines
D:3:      corexii_shack_village, first_bread, uniq_iyjb

Skill      XL: |  1  2  3  4 |
---------------+-------------+-----
Unarmed Combat | 4 5 |  5.6
Fighting       | |  1.1
Dodging        | |  1.7
Spellcasting   | |  2.0
Transmutations | |  2.0

Action                   |  1- 3 |  4- 6 || total
-------------------------+-------+-------++-------
Melee: Unarmed           |   184 |   102 ||   286
 Cast: Sticks to Snakes  |     1 |     4 ||     5
  Use: Potion            |       |     4 ||     4
 Stab: Sleeping          |     2 |       ||     2
  Eat: Chunk             |     2 |     3 ||     5
